 Dungeon Crawl Stone Soup version 0.23-a0-629-gae4348f6cf (webtiles) character file.

40 HereIgoKillingAgain the Chopper (level 3, -1/31 HPs)
             Began as a Hill Orc Monk on Dec 26, 2018.
             Slain by Robin
             ... wielding a +1 whip of holy wrath
              (8 damage)
             ... on level 2 of the Dungeon.
             The game lasted 00:00:49 (696 turns).

HereIgoKillingAgain the Chopper (Hill Orc Monk)      Turns: 696, Time: 00:00:50

Health: -1/31      AC:  2    Str: 14    XL:     3   Next: 50%
Magic:  3/3        EV: 13    Int: 10    God:
Gold:   23         SH:  0    Dex: 13    Spells: 2/2 levels left

rFire    . . .     SeeInvis .   a - +0 hand axe
rCold    . . .     Gourm    .   (no shield)
rNeg     . . .     Faith    .   b - +0 robe
rPois    .         Spirit   .   (no helmet)
rElec    .         Reflect  .   (no cloak)
rCorr    .         Harm     .   (no gloves)
MR       .....                  (no boots)
Stlth    ++........             (no amulet)
HPRegen  0.10/turn              (no ring)
MPRegen  0.08/turn              (no ring)

@: no status effects
A: no striking features
a: no special abilities


You were on level 2 of the Dungeon.
You were not hungry.

You visited 1 branch of the dungeon, and saw 2 of its levels.

You collected 23 gold pieces.

Inventory:

Hand Weapons
 a - a +0 hand axe (weapon)
Armour
 b - a +0 robe (worn)
Jewellery
 e - an uncursed ring of protection from cold {unknown}
Scrolls
 d - a scroll of random uselessness {unknown}
 f - a scroll of noise
Potions
 g - a potion of curing {unknown}
 h - a potion of lignification {unknown}
Comestibles
 c - 3 rations


   Skills:
 - Level 3.6 Fighting
 + Level 5.9 Axes
 - Level 2.4 Dodging
 - Level 1.5 Stealth


You had 2 spell levels left.
You didn't know any spells.
Your spell library was empty.

Dungeon Overview and Level Annotations

Branches:
Dungeon (2/15)

Altars:
Cheibriados

Annotations:
D:2 Robin


Message History

The kobold throws a stone.
The stone closely misses you.
Robin hits you with a +1 whip of holy wrath.
You closely miss Robin.
Robin is lightly wounded.
Robin hits you with a +1 whip of holy wrath.
Unknown command.
You are too injured to fight recklessly!
You are too injured to fight recklessly!
Unknown command.
You are too injured to fight recklessly!
You barely miss Robin.
Robin is lightly wounded.
You barely miss the kobold. The kobold barely misses you.
Robin hits you with a +1 whip of holy wrath.
* * * LOW HITPOINT WARNING * * *
You slash Robin!
Robin is severely wounded.
You hit the kobold but do no damage. The kobold misses you.
Robin hits you with a +1 whip of holy wrath!
You die...

#.........#
#........# .
#.<......# .#
###......# ..#
###.##..####..##
#.# #.........
####.###.........
#......##†)......
#....(.##@K...!$.
#.......†)g......
#.......#).......
...............>..
###......#######...
......... ..
##......# .
########


You could see Robin and a kobold.

Vanquished Creatures
  An ooze (D:1)
  A dart slug (D:1)
  6 bats
  A giant cockroach (D:1)
  11 goblins (D:2)
  2 hobgoblins (D:1)
  3 jackals (D:1)
  2 frilled lizards
  A kobold (D:1)
  4 rats (D:1)
32 creatures vanquished.

Notes
Turn   | Place    | Note
-------+----------+-------------------------------------------
     0 | D:1      | HereIgoKillingAgain the Hill Orc Monk began the quest for
                  | the Orb.
     0 | D:1      | Reached XP level 1. HP: 19/19 MP: 1/1
    26 | D:1      | Found a snail-covered altar of Cheibriados.
    38 | D:1      | Reached XP level 2. HP: 19/26 MP: 2/2
   188 | D:1      | Reached skill level 5 in Axes
   679 | D:2      | Reached XP level 3. HP: 31/31 MP: 3/3
   681 | D:2      | Noticed Robin
   696 | D:2      | Slain by Robin

Vault maps used:
D:1:      saegor_arrival_simple_a, cheibriados_altar_1
D:2:      nicolae_qazlal_eye_of_the_storm, corexii_item_surrounded_by_moat,
          st_stairs_4, dk_xom_monty_hall, uniq_robin

Skill      XL: |  1  2 |
---------------+-------+-----
Axes           | 5 |  5.9
Fighting       | |  3.6
Dodging        | |  2.4
Stealth        | |  1.5

Action                   || total
-------------------------++-------
Melee: Hand axe          ||    36
       Mace              ||    38
  Use: Scroll            ||     2
 Stab: Sleeping          ||     1
Armor: Robe              ||    15
Dodge: Dodged            ||    77

Table legend:
 A = Non-vault XP
 B = Vault XP
 C = Vault XP percentage of total XP
 D = Non-vault monster count
 E = Vault monster count
 F = Vault count percentage of total count
                 A         B        C        D         E       F
            +---------+---------+-------+---------+---------+-------
      Total |      37 |      21 |  36.2 |      21 |      11 |  34.4
            +---------+---------+-------+---------+---------+-------
        D:1 |      33 |       0 |   0.0 |      18 |       0 |   0.0
        D:2 |       4 |      21 |  84.0 |       3 |      11 |  78.6
            +---------+---------+-------+---------+---------+-------
